Description

Macro PvT that allow take a 3 base in very well time(~ 4:30-4:35), after go to colossus+ chargelot. Opening with stalker and 3 observer. Excellent macro build played by MasTeR, Brazil high GM protoss.

Replay - Macro PvT Master

Build Order

Get SALT Encoding   

  12  0:00  Probe  
  13  0:12  Probe  
  14  0:18  Pylon  
  14  0:24  Probe (Chrono Boost)  
  15  0:36  Probe (Chrono Boost), Gateway  
  15  0:42  Assimilator  
  16  0:45  Probe (Chrono Boost)  
  17  0:52  Probe  
  18  1:04  Probe  
  19  1:16  Probe  
  20  1:23  Cybernetics Core  
  20  1:32  Nexus  
  20  1:39  Pylon  
  20  1:41  Probe  
  21  1:47  Assimilator  
  21  1:53  Probe  
  22  1:57  Adept (Chrono Boost)  
  25  2:15  Warp Gate  
  25  2:18  Shield Battery  
  26  2:26  Stalker  
  28  2:37  Twilight Council  
  37  3:15  Gateway  
  39  3:30  Robotics Facility  
  40  3:35  Blink (Chrono Boost)  
  41  3:43  Assimilator  
  43  3:48  Gateway  
  43  3:51  Pylon  
  43  3:59  Pylon  
  43  4:12  Stalker x2  
  49  4:18  Observer, Assimilator  
  52  4:32  Stalker x2  
  56  4:40  Nexus  
  57  4:46  Observer  
  57  4:47  Stalker  
  57  4:51  Pylon  
  59  4:57  Robotics Bay  
  59  4:59  Forge  
  62  5:07  Observer  
  62  5:12  Stalker  
  65  5:25  Observer  
  67  5:31  Stalker x2  
  67  5:34  Charge (Chrono Boost)  
  73  5:45  Extended Thermal Lance (Chrono Boost)  
  74  5:55  Colossus (Chrono Boost)  
  76  6:00  Observer  
  84  6:06  Protoss Ground Weapons Level 1  
  85  6:12  Gateway x2  
  85  6:18  Gateway  
  88  6:24  Gateway x2  
  86  6:38  Colossus (Chrono Boost)  
  86  6:39  Photon Cannon  
  96  6:55  Zealot x2  
  96  6:58  Photon Cannon  
  100  7:04  Assimilator x2  
  103  7:11  Sentry x2, Zealot  
  107  7:31  Zealot x6  
  107  7:33  Observer  
  107  7:34  Stalker  
  123  7:38  Shield Battery  
  123  7:40  Colossus (Chrono Boost)  
  129  7:56  Zealot  
Spawning Tool Build Advisor. Get it on Overwolf

Analysis

After defense against mine drop/hellion, go to offensive movement with stalker while macro.

Go to:

Details

  • Created by: Armagedom_br    
  • Published on: Jun 25, 2021
  • Modified on: Jun 25, 2021
  • Patch: 4.11.0
  • Difficulty: Medium
Show
View Real Time Build Order
Export as new Build Order

Comments (0)

There are no comments. Be the first!

Create an account to comment!